AoeStats
← Khirs

MegaRandom

507780131Analyzed
4v4 RM · 12d ago on Sep 19, 2026· 63m 49s· 8 players
Game mode
Random Map
Map size
Large (8 player)
Population
200
Speed
Normal
Resources
Standard
Victory
Conquest
Starting age
Dark Age
Ending age
Imperial Age
RankedLock teamsTeams togetherTeam positionsShared explorationLock speedFull tech treeHidden civsTurbo modeCheats
Victory
Defeat
🇨🇦 Franks · Canada
910
+7
🇦🇷 Celts · Argentina
814
+10
🇪🇸 Chinese · Spain
795
+10
🇸🇰 Poles · Slovakia
723
+13
🇧🇷 Huns · Brazil
704
-11
🇨🇦 Cumans · Canada
679
-10
🇺🇸 Bohemians · United States
676
-10
🇨🇱 Khmer · Chile
654
-9
Willyop
4:51 Loom
10:27 Feudal Age
15:16 Castle Age
13:26 Double-Bit Axe
17:50 Wheelbarrow
19:05 Bow Saw
20:49 Hand Cart
23:54 Stone Mining
23:56 Gold Mining
26:18 Gold Shaft Mining
26:13 Town Watch
30:02 Imperial Age
27:44 Forging
27:58 Ballistics
27:49 Masonry
28:26 Murder Holes
28:39 Caravan
30:23 Iron Casting
29:53 Scale Barding Armor
29:39 Fletching
29:49 Padded Archer Armor
29:49 Scale Mail Armor
30:32 Town Patrol
31:06 Conscription
30:47 Chivalry
30:50 Husbandry
32:06 Cavalier
33:49 Blast Furnace
33:09 Chain Barding Armor
32:39 Arrowslits
33:55 Chemistry
34:34 Hoardings
35:43 Paladin
38:19 Plate Barding Armor
38:18 Architecture
37:54 Siege Engineers
39:04 Leather Archer Armor
38:45 Bodkin Arrow
39:45 Elite Throwing Axeman
40:46 #83
60:37 Spies/Treason
Khirs
0:41 Loom
12:27 Feudal Age
13:01 Double-Bit Axe
14:10 Gold Mining
14:55 Horse Collar
18:26 Stone Mining
22:52 Castle Age
20:56 Fletching
22:20 Forging
23:49 Pikeman
26:16 Heavy Plow
26:31 Bow Saw
26:53 Bodkin Arrow
29:55 Stone Shaft Mining
33:38 Fortified Wall
34:44 Ballistics
39:52 Imperial Age
38:02 Masonry
37:48 Murder Holes
37:58 Padded Archer Armor
39:05 Thumb Ring
39:54 Leather Archer Armor
39:50 Scale Mail Armor
40:48 Bracer
41:48 Wheelbarrow
41:48 Conscription
43:17 Chemistry
44:05 Rocketry
44:44 Iron Casting
45:52 Ring Archer Armor
44:46 Halberdier
45:50 Capped Ram
46:51 Elite Chu Ko Nu
49:48 Chain Mail Armor
52:22 Plate Mail Armor
52:52 Blast Furnace
53:34 Great Wall
54:13 Architecture
53:31 Arrowslits
60:44 Spies/Treason
Tarklow
11:41 Feudal Age
11:41 Loom
13:27 Wheelbarrow
12:36 Horse Collar
12:44 Double-Bit Axe
17:03 Gold Mining
20:40 Castle Age
22:14 Bow Saw
22:07 Heavy Plow
22:47 Stone Mining
26:41 Stone Shaft Mining
28:40 Hand Cart
30:56 Caravan
32:39 Szlachta Privileges
34:51 Husbandry
35:03 Bloodlines
38:53 Imperial Age
37:20 Forging
39:01 Iron Casting
38:46 Light Cavalry
39:34 Winged Hussar
40:17 Town Watch
40:39 Scale Mail Armor
41:40 Scale Barding Armor
42:50 Fletching
44:03 Sappers
45:03 Pikeman
46:33 Cavalier
48:09 Chain Barding Armor
50:54 Lechitic Legacy
53:12 Town Patrol
57:12 Conscription
60:01 Blast Furnace
59:02 Spies/Treason
Patuqui18
11:12 Feudal Age
11:47 Double-Bit Axe
13:52 Wheelbarrow
21:27 Castle Age
22:33 Bow Saw
23:09 Caravan
23:05 Gold Mining
23:05 Stone Mining
27:42 Horse Collar
27:35 Pikeman
29:54 Man-at-Arms
36:35 Imperial Age
34:30 Hand Cart
34:39 Stronghold
35:18 Heavy Plow
35:32 Forging
35:22 Scale Mail Armor
35:06 Light Cavalry
35:47 Husbandry
38:00 Conscription
38:50 Gold Shaft Mining
38:59 Iron Casting
38:39 Chain Mail Armor
38:30 Scale Barding Armor
38:47 Ballistics
39:27 Chemistry
38:10 Treadmill Crane
41:00 Hussar
42:04 Chain Barding Armor
42:15 Plate Mail Armor
42:46 Blast Furnace
45:06 Halberdier
46:48 Fletching
47:06 Siege Engineers
46:29 Heavy Scorpion
61:40 Spies/Treason
Scoobydoo117778
1:05 Loom
12:12 Feudal Age
12:43 Double-Bit Axe
12:45 Horse Collar
18:30 Wheelbarrow
17:51 Town Watch
23:21 Castle Age
22:30 Arson
24:17 Bow Saw
31:39 Pikeman
37:09 Chemistry
40:06 Imperial Age
37:45 Squires
38:17 Fletching
39:42 Bodkin Arrow
40:59 Halberdier
46:25 Two-Man Saw
45:27 Elite Skirmisher
48:50 Guilds
Triumph
11:53 Feudal Age
14:11 Double-Bit Axe
14:36 Loom
21:19 Bloodlines
23:19 Castle Age
22:15 Forging
22:17 Bloodlines
23:24 Scale Barding Armor
26:39 Horse Collar
32:08 Iron Casting
31:54 Chain Barding Armor
32:00 Gold Mining
32:00 Stone Mining
31:57 Town Watch
32:57 Wheelbarrow
32:55 Town Patrol
34:46 Gold Shaft Mining
34:28 Steppe Husbandry
35:10 Heavy Plow
37:52 Imperial Age
36:59 Caravan
37:20 Hand Cart
37:08 Heavy Plow
39:08 Conscription
39:31 Ballistics
40:12 Chemistry
39:52 Elite Steppe Lancer
41:34 Blast Furnace
40:25 Fletching
43:20 Bodkin Arrow
44:00 Plate Barding Armor
naps
0:35 Loom
12:48 Feudal Age
18:22 Castle Age
17:47 Wheelbarrow
19:59 Caravan
21:15 Hand Cart
20:46 Town Watch
28:42 Horse Collar
33:00 Imperial Age
30:28 Gold Mining
30:28 Stone Mining
30:29 Double-Bit Axe
30:49 Heavy Plow
33:12 Gold Shaft Mining
33:13 Stone Shaft Mining
33:01 Capped Ram
34:35 Siege Ram
36:34 Chemistry
36:36 Bow Saw
36:55 Double Crossbow
37:59 Siege Engineers
37:33 Light Cavalry
38:24 Bloodlines
38:14 Husbandry
38:44 Hussar
44:21 Heavy Scorpion
46:05 Forging
46:01 Scale Barding Armor
46:45 Crop Rotation
47:29 Iron Casting
47:14 Chain Barding Armor
deadbot
7:01 Loom
14:37 Feudal Age
18:33 Town Watch
19:25 Wheelbarrow
19:19 Gold Mining
20:53 Double-Bit Axe
21:31 Stone Mining
24:05 Castle Age
25:17 Town Patrol
25:33 Hand Cart
25:31 Scale Barding Armor
25:17 Fletching
25:43 Bow Saw
28:25 Chain Barding Armor
28:01 Bodkin Arrow
31:04 Gold Shaft Mining
34:23 Masonry
40:11 Murder Holes
43:02 Imperial Age
45:52 Conscription
47:34 Caravan
48:34 Elite Tarkan
50:52 Atheism
57:00 Elite Tarkan
Connection lost

Rejoining the realm…

Still unreachable

The connection could not be restored.

Session expired

The server has moved on; the page needs a fresh start.